 Dungeon Crawl Stone Soup version 0.31-a0-981-geadf994542 (webtiles) character file.

Game seed: 16401037975874095707

87 zenocrate the Cudgeller (level 4, -10/44 HPs)
             Began as an Ogre Gladiator on Oct 31, 2023.
             Mangled by a gnoll
             ... wielding a +0 halberd
              (11 damage)
             ... on level 3 of the Dungeon.
             The game lasted 00:01:53 (2232 turns).

zenocrate the Cudgeller (Ogre Gladiator)            Turns: 2232, Time: 00:01:54

Health: -10/44     AC:  3    Str: 20    XL:     4   Next: 51%
Magic:  4/4        EV: 10    Int:  9    God:
Gold:   155        SH:  0    Dex: 10    Spells: 3/3 levels left

rFire   . . .        a - +0 flail
rCold   . . .        (no shield)
rNeg    . . .        b - +0 robe
rPois   .            c - +0 hat
rElec   .            (no cloak)
rCorr   .            (gloves unavailable)
SInv    .            (boots unavailable)
Will    .....        (no amulet)
Stlth   +            (no ring)
HPRegen 0.27/turn    (no ring)
MPRegen 0.09/turn

%: no passive effects
@: attractive
A: large, unfitting armour, tough skin 1
a: no special abilities


You were on level 3 of the Dungeon.
You visited 1 branch of the dungeon, and saw 3 of its levels.

You collected 155 gold pieces.

Inventory:

Hand Weapons
 a - a +0 flail (weapon)
Missiles
 d - 3 throwing nets (quivered)
 e - a large rock
Armour
 b - a +0 robe (worn)
 c - a +0 hat (worn)
Wands
 r - a wand of polymorph (7)
Scrolls
 h - 4 scrolls of fear {unknown}
 i - 2 scrolls of identify {unknown}
 k - a scroll of noise {unknown}
 l - a scroll of immolation {unknown}
 n - a scroll of summoning {unknown}
 o - a scroll of torment {unknown}
 q - a scroll of poison {unknown}
 s - a scroll of enchant weapon {unknown}
 t - a scroll of fog {unknown}
 u - a scroll of vulnerability {unknown}
Potions
 f - a potion of attraction
 g - a potion of berserk rage {unknown}
 j - a potion of heal wounds {unknown}
 m - 2 potions of curing {unknown}
 p - a potion of ambrosia {unknown}


   Skills:
 - Level 2.6 Fighting
 + Level 4.3 Maces & Flails
 - Level 2.0 Throwing
 - Level 3.2 Dodging


You had 3 spell levels left.
You didn't know any spells.
Your spell library contained the following spells:

 Spells                   Type           Power      Damage    Failure   Level
 Necrotise                Necr           0%         1d4       38%         1
 Sublimation of Blood     Necr           0%         N/A       52%         2
 Vampiric Draining        Necr           0%         2d6       77%         3
 Petrify                  Tmut/Erth      0%         N/A       99%         4
 Agony                    Necr           0%         N/A       100%        5
 Irradiate                Conj/Tmut      0%         3d11      100%        5


Dungeon Overview and Level Annotations

Branches:
Dungeon (3/15)

Altars:


Innate Abilities, Weirdness & Mutations

You are too large for most types of armour.
You have tough skin. (AC +1)


Message History

The endoplasm freezes you.
You are frozen.
The kobold hits you with a +0 dagger.
You barely miss the kobold. The hobgoblin hits you. The endoplasm freezes you.
You are frozen.
The kobold hits you with a +0 dagger. The kobold attacks as it pursues you!
The kobold barely misses you. The kobold attacks as it pursues you!
The kobold hits you with a +0 dagger.
You closely miss the hobgoblin. The hobgoblin hits you.
The kobold barely misses you.
Unknown command.
You barely miss the kobold. The hobgoblin closely misses you.
The kobold closely misses you.
Unknown command.
The gnoll closely misses you.
Unknown command.
The hobgoblin attacks as it pursues you!
The hobgoblin hits you but does no damage.
The gnoll hits you with a +0 halberd!
Unknown command.
You hit the gnoll.
The gnoll is moderately wounded.
The hobgoblin completely misses you. The gnoll hits you with a +0 halberd.
* * * LOW HITPOINT WARNING * * *
Unknown command.
Unknown command.
You hit the gnoll.
The gnoll is moderately wounded.
The hobgoblin hits you.
* * * LOW HITPOINT WARNING * * *
The gnoll hits you with a +0 halberd.
* * * LOW HITPOINT WARNING * * *
The gnoll barely misses you. The hobgoblin hits you.
* * * LOW HITPOINT WARNING * * *
Unknown command.
Okay, then.
Okay, then.
It was a potion of attraction.
You feel attractive to monsters. The hobgoblin misses you.
The gnoll hits you with a +0 halberd!
You die...

.......###.....##
.######....###.#
..........####.#
##.....##......###
...##########....#######
#### #####..........##.
. .......K.......... #
.....#.g##...#### .
$.......@g##..#
.<#.......# ..#
#.#.......# .#
.........# ..
###!......# .#
#........# . #>.......#
#.........


You could see a gnoll, a hobgoblin and a kobold.

Vanquished Creatures
  2 adders (D:2)
  3 worms
  2 dart slugs
  An orc (D:3)
  5 bats
  5 endoplasms
  6 giant cockroaches
  4 goblins
  4 hobgoblins
  4 jackals (D:2)
  4 kobolds
  2 quokkas (D:2)
  4 ball pythons
  3 frilled lizards
  5 rats
54 creatures vanquished.

Notes
Turn   | Place    | Note
-------+----------+-------------------------------------------
     0 | D:1      | zenocrate the Ogre Gladiator began the quest for the Orb.
     0 | D:1      | Reached XP level 1. HP: 22/22 MP: 1/1
    82 | D:1      | Reached skill level 3 in Maces & Flails
   137 | D:1      | Reached XP level 2. HP: 11/29 MP: 2/2
   836 | D:2      | Reached XP level 3. HP: 36/36 MP: 3/3
  1249 | D:2      | Reached skill level 4 in Maces & Flails
  1279 | D:2      | Reached XP level 4. HP: 37/44 MP: 4/4
  2231 | D:3      | HP: 1/44 [hobgoblin (3)]
  2232 | D:3      | Mangled by a gnoll

Illustrated notes

Levels and vault maps discovered:
D:1:      psy_arrival_terrarium, layout_loops_ring, minmay_cut_off
D:2:      layout_basic
D:3:      layout_rooms, nicolae_overflow_hallway_of_the_gods

Skill      XL: |  1  2  3 |
---------------+----------+-----
Maces & Flails | 3 4 |  4.3
Dodging        | 3 |  3.2
Fighting       | |  2.6
Throwing       | |  2.0

Action                     |  1- 3 |  4- 6 || total
---------------------------+-------+-------++-------
  Melee: Flail             |    85 |    57 ||   142
    Use: Potion            |       |     1 ||     1
   Stab: Sleeping          |       |     1 ||     1
 Armour: Robe              |    51 |    74 ||   125
  Dodge: Dodged            |    49 |    75 ||   124

Table legend: (Time is in decaauts)
 A = Elapsed time spent in this place.
 B = Non-inter-level travel time spent in this place.
 C = Inter-level travel time spent in this place.
 D = Time resting spent in this place.
 E = Time spent auto-exploring this place.
 F = Levels seen in this place.
 G = Mean time per level.
                   A        B        C        D        E       F      G
               +--------+--------+--------+--------+--------+-----+--------+
         Total |   2262 |   2210 |     52 |      0 |   1792 |   3 |  754.0 |
       Dungeon |   2262 |   2210 |     52 |      0 |   1792 |   3 |  754.0 |
               +--------+--------+--------+--------+--------+-----+--------+

Top non-repeatable levels by time:
     D:2: 1074 daAuts
     D:1: 926 daAuts
     D:3: 261 daAuts
